 Dungeon Crawl Stone Soup version 0.29-a0-414-g5075937ec3 (webtiles) character file.

Game seed: 13691261431608464156

84 zazu2006 the Magician (level 4, -10/36 HPs)
             Began as a Naga Hedge Wizard on May 15, 2022.
             Killed from afar by a white imp (11 damage)
             ... with a puff of frost
             ... on level 3 of the Dungeon.
             The game lasted 00:04:05 (2575 turns).

zazu2006 the Magician (Naga Hedge Wizard)           Turns: 2575, Time: 00:04:05

Health: -10/36     AC:  4    Str: 12 (13) XL:     4   Next: 46%
Magic:  5/10       EV:  9    Int: 13 (16) God:
Gold:   194        SH:  0    Dex:  9 (10) Spells: 2/11 levels left

rFire   . . .      SeeInvis +   r - +0 long sword
rCold   . . .      Faith    .   (no shield)
rNeg    . . .      Spirit   .   b - +0 robe
rPois   +          Reflect  .   c - +0 hat
rElec   .          Harm     .   (no cloak)
rCorr   .          Rampage  .   (no gloves)
Will    +....      Rage     1%  (no barding)
Stlth   ++........              (no amulet)
HPRegen 0.12/turn               (no ring)
MPRegen 0.12/turn               (no ring)

@: brilliant, flying, hasted, quick
A: AC +1, large, see invisible, deformed body, poison resistance, slowness 2,
spit poison 1, naga tail 1, iridescent scales 1, berserk 1, strong-willed 1
a: Spit Poison


You were on level 3 of the Dungeon.
You visited 1 branch of the dungeon, and saw 3 of its levels.

You collected 194 gold pieces.

Inventory:

Hand Weapons
 g - a +2 vampiric dagger
 r - a +0 long sword (weapon)
Armour
 b - a +0 robe (worn)
 c - a +0 hat (worn)
Jewellery
 l - a ring of ice
Scrolls
 e - 2 scrolls of immolation {unknown}
 f - 4 scrolls of identify {unknown}
 i - 2 scrolls of brand weapon {unknown}
 j - a scroll of vulnerability {unknown}
 m - a scroll of blinking {unknown}
 s - a scroll of teleportation {unknown}
 t - a scroll of noise {unknown}
Potions
 d - a potion of magic
 h - a potion of degeneration
 o - a potion of flight


   Skills:
 + Level 1.9 Dodging
 + Level 3.3 Stealth
 + Level 4.4 Spellcasting
 + Level 1.3 Conjurations
 + Level 1.0 Summonings
 + Level 1.0 Translocations


You had 2 spell levels left.
You knew the following spells:

 Your Spells              Type           Power      Damage    Failure   Level
a - Magic Dart            Conj           36%        1d4       12%         1
b - Mephitic Cloud        Conj/Pois/Air  6%         N/A       45%         3
c - Conjure Flame         Conj/Fire      6%         6-21      41%         3
d - Blink                 Tloc           16%        N/A       21%         2

Your spell library contained the following spells:

 Spells                   Type           Power      Damage    Failure   Level
 Slow                     Hex            16%        N/A       21%         1
 Call Imp                 Summ           8%         N/A       21%         2
 Dazzling Flash           Conj/Hex       12%        N/A       41%         3
 Agony                    Necr           4%         N/A       99%         5
 Silence                  Hex/Air        2%         N/A       99%         5


Dungeon Overview and Level Annotations

Branches:
Dungeon (3/15)

Altars:


Innate Abilities, Weirdness & Mutations

Your serpentine skin is tough. (AC +1)
You have supernaturally acute eyesight. (SInv)
Armour fits poorly on your strangely shaped body.
Your system is resistant to poisons. (rPois)
You cover ground very slowly.
You can spit poison.
You have a snake-like lower body.
You are partially covered in iridescent scales. (AC +2)
You tend to lose your temper in combat.
You are strong-willed. (Will+)


Message History

Casting: Magic Dart (safe; 12% risk of failure)
Confirm with . or Enter, or press ? or * to list all spells.
Aiming: Magic Dart (safe; 12% risk of failure)
Press: ? - help, Shift-Dir - straight line, f/p - white imp
Aim: a white imp (lightly wounded, 100% to hit)
You feel a surge of power!
The magic dart hits the white imp.
The white imp is moderately wounded.
The white imp gestures at you. The puff of frost hits you!
* * * LOW HITPOINT WARNING * * *
It was a potion of mutation.
You feel extremely strange.
You feel a little pissed off.
You feel strong-willed.
Iridescent scales grow over part of your body.
The white imp hits you but does no damage.
It was a potion of haste.
You feel yourself speed up. The white imp closely misses you.
You barely miss the white imp.
The white imp is moderately wounded.
You closely miss the white imp.
The white imp is moderately wounded.
The white imp gestures at you. The puff of frost hits you.
* * * LOW HITPOINT WARNING * * *
Okay, then.
You aren't carrying any items that you can evoke.
Okay, then.
You barely miss the white imp.
The white imp is moderately wounded.
The white imp hits you but does no damage.
Casting: Magic Dart (safe; 12% risk of failure)
Confirm with . or Enter, or press ? or * to list all spells.
Aiming: Magic Dart (safe; 12% risk of failure)
Press: ? - help, Shift-Dir - straight line, f/p - white imp
Aim: a white imp (moderately wounded, 100% to hit)
You feel a surge of power!
The magic dart hits the white imp but does no damage.
The white imp is moderately wounded.
The white imp gestures at you. The puff of frost hits you!
You die...

.....# #........##.#...≈≈≈≈≈≈≈♣♣≈
.....# #........##.####≈P≈≈≈≈≈♣♣.
....## #####..<....# ##≈≈≈≈♣♣♣##
....#######........# #..♣≈♣# #..
....##....#.#(...#.######.≈# #.#
....##.##...#.##.#.....##.#####.#
....##.##...........##.##....##..
....'.........####..##.#####.####
....##.##.......@5........)......
....##........####...#.........##
#'####.##...............###.#..#
### #.##......................##
#..+....5........#.###....##
#.##. ...........#.......... #.##
....S......♣♣♣≈≈≈P≈♣#.
......#≈♣♣♣PP≈≈≈♣♣♣≈♣♣ ......P≈♣
≈P≈≈≈P≈≈≈P≈


You could see a white imp.

Vanquished Creatures
  4 adders
  3 worms
  An orc (D:3)
  3 endoplasms
  2 goblins (D:1)
  4 hobgoblins
  4 quokkas
  5 ball pythons
  6 bats
  5 kobolds
  3 rats
  A toadstool (D:3)
41 creatures vanquished.

Vanquished Creatures (others)
  3 toadstools (D:3)
3 creatures vanquished.

Grand Total: 44 creatures vanquished

Notes
Turn   | Place    | Note
-------+----------+-------------------------------------------
     0 | D:1      | zazu2006 the Naga Hedge Wizard began the quest for the Orb.
     0 | D:1      | Reached XP level 1. HP: 15/15 MP: 4/4
   149 | D:1      | Reached XP level 2. HP: 22/22 MP: 1/6
  1066 | D:2      | Reached XP level 3. HP: 28/28 MP: 5/8
  1070 | D:2      | Learned a level 3 spell: Mephitic Cloud
  1074 | D:2      | Learned a level 3 spell: Conjure Flame
  1077 | D:2      | Learned a level 2 spell: Blink
  1098 | D:2      | Reached skill level 4 in Spellcasting
  1712 | D:2      | Reached XP level 4. HP: 15/36 MP: 3/10
  2570 | D:3      | Gained mutation: You tend to lose your temper in combat.
                  | [potion of mutation]
  2570 | D:3      | Gained mutation: You are strong-willed. (Will+) [potion of
                  | mutation]
  2570 | D:3      | Gained mutation: You are partially covered in iridescent
                  | scales. (AC +2) [potion of mutation]
  2573 | D:3      | HP: 1/36 [white imp/puff of frost (3)]
  2575 | D:3      | Killed from afar by a white imp

Illustrated notes

Levels and vault maps discovered:
D:1:      dpeg_arrival_brainrot, layout_rooms
D:2:      layout_rooms
D:3:      layout_basic, lemuel_coloured_pillars_altar, serial_bayou,
          serial_bayou_lagoon_a, serial_bayou_lake_a, serial_bayou_pond_d,
          serial_bayou_lagoon_b, ebering_ecumenical_altar_ruins,
          minmay_gold_behind_fungi, uniq_crazy_yiuf_cottage

Skill      XL: |  1  2  3 |
---------------+----------+-----
Spellcasting   | 4 |  4.4
Dodging        | |  1.9
Stealth        | |  3.3
Conjurations   | |  1.3
Summonings     | |  1.0
Translocations | |  1.0

Action                   |  1- 3 |  4- 6 || total
-------------------------+-------+-------++-------
Melee: Dagger            |     8 |       ||     8
       Falchion          |     7 |       ||     7
       Long sword        |     4 |    13 ||    17
 Cast: Magic Dart        |    65 |    28 ||    93
 Abil: Spit Poison       |    17 |     3 ||    20
  Use: Potion            |       |     8 ||     8
 Stab: Sleeping          |     1 |       ||     1
Armor: Robe              |     1 |     3 ||     4
Dodge: Dodged            |    15 |    15 ||    30

Table legend: (Time is in decaauts)
 A = Elapsed time spent in this place.
 B = Non-inter-level travel time spent in this place.
 C = Inter-level travel time spent in this place.
 D = Time resting spent in this place.
 E = Time spent auto-exploring this place.
 F = Levels seen in this place.
 G = Mean time per level.
                   A        B        C        D        E       F      G
               +--------+--------+--------+--------+--------+-----+--------+
         Total |   3080 |   3008 |     72 |      2 |   2635 |   3 | 1026.7 |
       Dungeon |   3080 |   3008 |     72 |      2 |   2635 |   3 | 1026.7 |
               +--------+--------+--------+--------+--------+-----+--------+

Top non-repeatable levels by time:
     D:1: 1260 daAuts
     D:2: 1227 daAuts
     D:3: 592 daAuts
